 Dungeon Crawl Stone Soup version 0.29.1-2-gbd0b4ee654 (webtiles) character file.

Game seed: 10433763355730247065

38 xian the Trooper (level 3, -3/30 HPs)
             Began as a Demonspawn Abyssal Knight on Nov 19, 2022.
             Was a Believer of Lugonu.
             Slain by a worm (4 damage)
             ... on level 2 of the Dungeon.
             The game lasted 00:02:14 (1636 turns).

xian the Trooper (Demonspawn Abyssal Knight)        Turns: 1636, Time: 00:02:14

Health: -3/30      AC:  3    Str: 14 (15) XL:     3   Next: 25%
Magic:  5/5        EV: 11    Int:  8 (11) God:    Lugonu [**....]
Gold:   75         SH:  0    Dex: 12 (13) Spells: 2/2 levels left

rFire   . . .      SeeInvis .   a - +1 short sword
rCold   . . .      Faith    .   (no shield)
rNeg    . . .      Spirit   .   b - +0 leather armour
rPois   .          Reflect  .   (no helmet)
rElec   .          Harm     .   (no cloak)
rCorr   .          Rampage  .   (no gloves)
Will    .....                   (no boots)
Stlth   +.........              (no amulet)
HPRegen 0.10/turn               (no ring)
MPRegen 0.18/turn               (no ring)

@: flying
A: foul stench 1, magic regeneration
a: Renounce Religion, Depart the Abyss, Bend Space


You were on level 2 of the Dungeon.
You worshipped Lugonu.
Lugonu was pleased with you.
You visited 1 branch of the dungeon, and saw 2 of its levels.
You visited the Abyss 1 time.

You collected 75 gold pieces.

Inventory:

Hand Weapons
 a - a +1 short sword (weapon)
Armour
 b - a +0 leather armour (worn)
Scrolls
 e - a scroll of acquirement {unknown}
 f - a scroll of teleportation {unknown}
 g - a scroll of identify {unknown}
 h - a scroll of torment {unknown}
 i - a scroll of noise {unknown}


   Skills:
 + Level 3.8 Fighting
 + Level 2.1 Short Blades
 + Level 2.0 Armour
 + Level 0.9 Dodging
 + Level 0.1 Stealth
 + Level 2.8 Invocations


You had 2 spell levels left.
You didn't know any spells.
Your spell library contained the following spells:

 Spells                   Type           Power      Damage    Failure   Level
 Gell's Gravitas          Tloc           0%         N/A       85%         3
 Teleport Other           Tloc           0%         N/A       85%         3
 Dispersal                Tloc           0%         N/A       100%        6


Dungeon Overview and Level Annotations

Branches:
Dungeon (2/15)

Altars:


Innate Abilities, Weirdness & Mutations

You may rarely emit foul miasma when damaged in melee.
You regenerate magic rapidly.


Message History

The worm bites you but does no damage.
A kobold comes into view. It is wielding a +0 short sword.
The kobold shouts!
You hit the worm.
The worm is severely wounded.
An endoplasm comes into view.
The hobgoblin hits you. The worm bites you!
You hit the worm.
The worm is severely wounded.
The hobgoblin hits you.
You hit the worm.
The worm is severely wounded.
The worm bites you but does no damage.
The hobgoblin hits you but does no damage.
You barely miss the worm.
The worm is severely wounded.
The hobgoblin hits you but does no damage.
The worm barely misses you.
You hit the worm.
The worm is almost dead.
The hobgoblin completely misses you. The worm completely misses you.
You hit the worm.
The worm is almost dead.
The endoplasm freezes you.
You are frozen.
* * * LOW HITPOINT WARNING * * *
The hobgoblin closely misses you. The hobgoblin attacks as you move away!
The hobgoblin hits you.
* * * LOW HITPOINT WARNING * * *
The worm bites you.
* * * LOW HITPOINT WARNING * * *
It was a potion of degeneration.
There was something very wrong with that liquid.
You feel weakened.
You feel dopey.
You feel clumsy. The endoplasm barely misses you. The hobgoblin hits you.
* * * LOW HITPOINT WARNING * * *
It was a potion of flight.
You feel very buoyant.
You fly up into the air.
The worm bites you.
You die...

#.# #..... ..# #...
###############.#####
...............(....##
##############.......#
รท# #.......# .###
#..K....# ...########
#.Jgw...# ...........
#..@....# ...........
#.......# ...........
#.......# ...........
#.......# ...........
#.......# ....#...###
######### ....###...
#...# #### #...#


You could see a worm, an endoplasm, a hobgoblin and a kobold.

Vanquished Creatures
  A dart slug (D:1)
  2 bats (D:1)
  4 endoplasms (D:1)
  6 goblins
  A hobgoblin (D:1)
  3 jackals (D:2)
  2 kobolds (D:1)
  3 quokkas
  3 ball pythons
  3 frilled lizards
  4 rats
32 creatures vanquished.

Notes
Turn   | Place    | Note
-------+----------+-------------------------------------------
     0 | Abyss:1  | xian the Demonspawn Abyssal Knight began the quest for the
                  | Orb.
     0 | Abyss:1  | Reached XP level 1. HP: 18/18 MP: 2/2
     0 | Abyss:1  | Found a corrupted altar of Lugonu.
    33 | Abyss:1  | Noticed a fire bat
    37 | Abyss:1  | Noticed an ancient zyme
    39 | D:1      | Escaped the Abyss
   579 | D:1      | Gained mutation: You may rarely emit foul miasma when
                  | damaged in melee. [demonic ancestry]
   579 | D:1      | Reached XP level 2. HP: 17/24 MP: 3/3
   579 | D:1      | Reached ** piety under Lugonu
  1124 | D:1      | Gained mutation: You regenerate magic rapidly. [demonic
                  | ancestry]
  1124 | D:1      | Reached XP level 3. HP: 29/30 MP: 5/5
  1522 | D:2      | Found a faded altar of an unknown god.
  1635 | D:2      | HP: 1/30 [hobgoblin (1)]
  1636 | D:2      | Slain by a worm

Illustrated notes

Levels and vault maps discovered:
D:1:      wander_arrival_lonely_grave, layout_basic
D:2:      layout_basic, serial_shops, shop_statue,
          hellmonk_ecumenical_altar_heavens_door

Skill      XL: |  1  2  3 |
---------------+----------+-----
Short Blades   | 2 |  2.1
Armour         | 2 |  2.0
Fighting       | |  3.8
Dodging        | |  0.9
Stealth        | |  0.1
Invocations    | |  2.8

Action                   || total
-------------------------++-------
Melee: Short sword       ||   118
       Punch             ||     2
Invok: Depart the Abyss  ||     1
  Use: Potion            ||     2
 Stab: Sleeping          ||     1
Armor: Leather armour    ||    38
Dodge: Dodged            ||    93
